 Dungeon Crawl Stone Soup version 0.22.1-2-g9c5b331 (webtiles) character file.

1154 HoaS the Ruffian (level 8, 0/51 HPs)
             Began as a Gargoyle Berserker on Jan 3, 2019.
             Was a Priest of Trog.
             Engulfed by a cloud of freezing vapour (9 damage)
             ... on level 6 of the Dungeon on Jan 4, 2019.
             The game lasted 00:11:21 (4429 turns).

HoaS the Ruffian (Gargoyle Berserker)               Turns: 4429, Time: 00:11:22

Health: 0/51       AC: 20    Str: 20    XL:     8   Next: 38%
Magic:  8/8        EV:  7    Int:  9    God:    Trog [***...]
Gold:   166        SH:  0    Dex: 11    Spells: 7/7 levels left

rFire    . . .     SeeInvis .     - Unarmed
rCold    . . .     Gourm    .   (no shield)
rNeg     + . .     Faith    .   q - +0 plate armour
rPois    ∞         Spirit   .   n - +0 helmet
rElec    +         Reflect  .   s - +0 cloak
rCorr    +         Harm     .   (no gloves)
MR       .....                  (no boots)
Stlth    ..........             (no amulet)
HPRegen  0.17/turn              i - ring of resist corrosion
MPRegen  0.11/turn              (no ring)

@: no status effects
A: negative energy resistance 1, electricity resistance, unbreathing,
petrification resistance, rot immunity, AC +5
a: Berserk, Trog's Hand, Renounce Religion


You were on level 6 of the Dungeon.
You worshipped Trog.
Trog was most pleased with you.
You were hungry.

You visited 1 branch of the dungeon, and saw 6 of its levels.

You collected 166 gold pieces.

Inventory:

Armour
 j - a cursed -1 chain mail
 n - a +0 helmet (worn)
 q - a +0 plate armour (worn)
 s - a +0 cloak (worn)
Jewellery
 a - an uncursed amulet of faith {unknown}
 i - a ring of resist corrosion (left hand)
Wands
 k - a wand of acid (10)
Scrolls
 o - 4 scrolls of magic mapping
 p - a scroll of teleportation
 u - a scroll of identify
Potions
 c - 2 potions of berserk rage {unknown}
 d - 4 potions of curing {unknown}
 e - 3 potions of lignification {unknown}
 f - 2 potions of might {unknown}
 g - 3 potions of flight {unknown}
 h - a potion of haste {unknown}
 l - a potion of heal wounds {unknown}
 m - a potion of resistance
 r - a potion of mutation {unknown}
 t - a potion of ambrosia {unknown}
 v - a potion of degeneration {unknown}
Comestibles
 b - 7 rations


   Skills:
 + Level 5.7 Fighting
 + Level 5.1 Armour
 + Level 3.8 Dodging
 * Level 6.8 Unarmed Combat


You had 7 spell levels left.
You didn't know any spells.
Your spell library was empty.

Dungeon Overview and Level Annotations

Branches:
Dungeon (6/15)             Temple (0/1) D:5

Altars:
Dithmenos
Makhleb
Trog
Zin

Shops:
D:4 !(


Innate Abilities, Weirdness & Mutations

You are resistant to torment.
Your stone body is resilient. (AC +5)
You are immune to poison.
You resist negative energy. (rN+)
You are resistant to electric shocks. (rElec)
You can survive without breathing.
You are immune to petrification.
You are immune to rotting.


Message History

There is a stone staircase leading up here.
Saving game... please wait.
Welcome back, HoaS the Gargoyle Berserker.
Trog says: Kill them all!
Press ? for a list of commands and other information.
Found a shadowy altar of Dithmenos.
You are feeling hungry.
You open the door.
Found 6 needles of confusion.
There is an open door here.
As you open the door, it creaks loudly!
Really walk into a travel-excluded area?
Found 6 gold pieces.
There is an open door here.
You are engulfed in freezing vapours.
You are engulfed in freezing vapours.
You are engulfed in freezing vapours.
* * * LOW HITPOINT WARNING * * *
You are engulfed in freezing vapours.
You die...

##.§§#.#
##§#§#.#
##§#§#.#
##§#§#.#
##§#§#.#.#
##§#§#.#.#
##§#§#....
##@#§#....
##§#§#.#..
##§#§#.#
##§#§#.#
##§#§#.#
##§#§#.#
##§#§#.#
##§#§#.###
##§#$#..$.


There were no monsters in sight!

Vanquished Creatures
  Menkaure (D:4)
  A sky beast (D:5)
  An orc warrior (D:4)
  A phantom (D:4)
  An ogre (D:4)
  Blork the orc (D:5)
  A howler monkey (D:4)
  A crimson imp (D:5)
  An orc priest (D:4)
  2 jellies (D:5)
  Crazy Yiuf (D:2)
  2 iguanas (D:4)
  Natasha (thrice) (D:2)
  2 orc wizards (D:4)
  2 worker ants (D:4)
  2 hound skeletons
  Robin (D:4)
  7 adders
  A worm (D:3)
  A dart slug (D:1)
  A leopard gecko (D:2)
  12 orcs
  12 hobgoblins
  8 jackals
  5 kobolds
  2 quokkas (D:4)
  6 bats
  6 frilled lizards
  15 goblins
  10 rats
110 creatures vanquished.

Notes
Turn   | Place    | Note
-------+----------+-------------------------------------------
     0 | D:1      | HoaS the Gargoyle Berserker began the quest for the Orb.
     0 | D:1      | Reached XP level 1. HP: 14/14 MP: 1/1
   271 | D:1      | Reached XP level 2. HP: 19/19 MP: 2/2
   853 | D:2      | Reached XP level 3. HP: 20/23 MP: 3/3
   963 | D:2      | Noticed a cacodemon
   964 | D:2      | Found a burning altar of Makhleb.
   966 | D:2      | Noticed Natasha
   967 | D:2      | Found a glowing silver altar of Zin.
   968 | D:2      | Noticed an angel
   979 | D:2      | Killed Natasha
   979 | D:2      | Reached XP level 4. HP: 17/29 MP: 4/4
  1128 | D:2      | Reached ** piety under Trog
  1225 | D:2      | Found a runed door.
  1300 | D:2      | Reached skill level 4 in Unarmed Combat
  1404 | D:2      | Noticed Crazy Yiuf
  1417 | D:2      | Killed Crazy Yiuf
  1417 | D:2      | Reached XP level 5. HP: 10/33 MP: 5/5
  1694 | D:2      | Noticed Natasha
  1714 | D:2      | Killed Natasha
  1743 | D:2      | Noticed Natasha
  1751 | D:2      | Killed Natasha
  2177 | D:3      | Reached XP level 6. HP: 35/38 MP: 6/6
  2220 | D:3      | Found a shadowy altar of Dithmenos.
  2272 | D:4      | Found Nane's Weapon Boutique.
  2360 | D:4      | Noticed a phantom
  2416 | D:4      | Killed a phantom
  2416 | D:4      | Reached skill level 5 in Unarmed Combat
  2453 | D:4      | Noticed Robin
  2455 | D:4      | Noticed an orc warrior
  2463 | D:4      | Reached *** piety under Trog
  2478 | D:4      | Killed Robin
  2483 | D:4      | Killed an orc warrior
  2483 | D:4      | Reached XP level 7. HP: 23/44 MP: 7/7
  2880 | D:4      | Noticed Menkaure
  2911 | D:4      | Killed Menkaure
  2911 | D:4      | Reached skill level 5 in Fighting
  3110 | D:4      | Reached skill level 6 in Unarmed Combat
  3162 | D:4      | Reached XP level 8. HP: 7/50 MP: 8/8
  3638 | D:4      | Found Womusargh's Distillery.
  3884 | D:4      | Found Hirylotu's Antique Weapon Shoppe.
  3910 | D:5      | Entered Level 5 of the Dungeon
  3971 | D:5      | Found a bloodstained altar of Trog.
  4021 | D:5      | Found a staircase to the Ecumenical Temple.
  4021 | D:5      | Noticed Blork the orc
  4035 | D:5      | Killed Blork the orc
  4055 | D:5      | Reached skill level 5 in Armour
  4372 | D:6      | Found a shadowy altar of Dithmenos.
  4429 | D:6      | Engulfed by a cloud of freezing vapour

Skill      XL: |  1  2  3  4  5  6  7  8 |
---------------+-------------------------+-----
Dodging        | 2 3 |  3.8
Armour         | 3 4 5 |  5.1
Unarmed Combat | 4 5 6 |  6.8
Fighting       | 4 5 |  5.7

Action                   |  1- 3 |  4- 6 |  7- 9 || total
-------------------------+-------+-------+-------++-------
Melee: Unarmed           |    83 |   266 |   188 ||   537
       Punch             |     1 |     6 |     5 ||    12
Invok: Berserk           |       |     1 |     2 ||     3
       Trog's Hand       |       |       |     2 ||     2
  Use: Scroll            |     2 |     2 |     3 ||     7
 Stab: Sleeping          |     1 |       |       ||     1
  Eat: Chunk             |       |     5 |    10 ||    15
Armor: Animal skin       |     2 |       |       ||     2
       Scale mail        |    35 |   215 |    28 ||   278
       Plate armour      |       |       |   133 ||   133
Dodge: Dodged            |    35 |   188 |    65 ||   288
